 Dungeon Crawl Stone Soup version 0.21.1-1-g345015f (webtiles) character file.

101 theblackcape the Covered (level 4, 0/38 HPs)
             Began as a Gnoll Wanderer on June 14, 2018.
             Was an Initiate of Cheibriados.
             Succumbed to wilfster70's ghost's poison
             ... on level 4 of the Dungeon.
             The game lasted 00:11:56 (1273 turns).

theblackcape the Covered (Gnoll Wanderer)           Turns: 1273, Time: 00:11:56

Health: 0/38       AC: 15    Str: 24    XL:     4   Next: 75%
Magic:  7/7        EV:  7    Int: 15    God:    Cheibriados [......]
Gold:   96         SH:  0    Dex: 13    Spells: 5/5 levels left

rFire    . . .     SeeInvis .   a - +2 hand axe
rCold    . . .     Gourm    .   (no shield)
rNeg     . . .     Faith    .   n - +0 plate armour
rPois    .         Spirit   .   (no helmet)
rElec    .         Reflect  .   (no cloak)
rCorr    .         Harm     .   e - +0 pair of gloves
MR       .....                  i - +0 pair of boots
Stlth    ..........             (no amulet)
HPRegen  0.12/turn              (no ring)
MPRegen  0.10/turn              (no ring)

@: mighty, lethally poisoned (0 -> -6), very slow
A: distributed training, fangs 1, strong nose
a: Bend Time, Renounce Religion


You were on level 4 of the Dungeon.
You worshipped Cheibriados.
Cheibriados was noncommittal.
You were hungry.

You visited 1 branch of the dungeon, and saw 4 of its levels.

You collected 96 gold pieces.

Inventory:

Hand Weapons
 a - a +2 hand axe (weapon)
 b - a +0 mace
Armour
 e - a +0 pair of gloves (worn)
 i - a +0 pair of boots (worn)
 n - a +0 plate armour (worn)
Comestibles
 f - 3 rations
 o - 3 chunks of flesh


   Skills:
 + Level 4.7 Fighting
 + Level 1.2 Short Blades
 + Level 1.2 Long Blades
 + Level 2.8 Axes
 + Level 4.7 Maces & Flails
 + Level 1.2 Polearms
 + Level 1.2 Staves
 + Level 1.2 Slings
 + Level 1.2 Bows
 + Level 1.2 Crossbows
 + Level 1.2 Throwing
 + Level 6.6 Armour
 + Level 1.2 Dodging
 + Level 1.2 Stealth
 + Level 1.2 Shields
 + Level 1.2 Unarmed Combat
 + Level 1.2 Spellcasting
 + Level 1.0 Conjurations
 + Level 1.0 Hexes
 + Level 1.0 Charms
 + Level 1.0 Summonings
 + Level 1.0 Necromancy
 + Level 1.0 Translocations
 + Level 1.0 Transmutations
 + Level 1.0 Fire Magic
 + Level 1.0 Ice Magic
 + Level 1.0 Air Magic
 + Level 1.0 Earth Magic
 + Level 1.0 Poison Magic
 + Level 1.3 Invocations
 + Level 4.7 Evocations


You had 5 spell levels left.
You didn't know any spells.

Dungeon Overview and Level Annotations

Branches:
Dungeon (4/15)
 Temple: D:4-7

Altars:
Cheibriados
Trog
Yredelemnul

Annotations:
D:3 wilfster70's ghost, amateur GnWz
D:4 Eustachio


Innate Abilities, Weirdness & Mutations

Your experience applies equally to all skills.
You have very sharp teeth.
Your uncanny sense of smell can sniff out nearby items.


Message History

You feel sick.
Found a basalt altar of Yredelemnul.
You feel mightier all of a sudden.
Your surroundings suddenly seem different.
Eustachio the Magnificent comes into view.
He is wielding a falchion.
Eustachio shouts!
Eustachio mumbles some strange words.
Found 9 gold pieces, a scroll labeled DAOSCHO SIGIZI and a ration.
* * * LOW HITPOINT WARNING * * *
You feel sick.
* * * LOW HITPOINT WARNING * * *
You feel sick.
Eustachio gestures wildly while chanting.
Eustachio blinks!
* * * LOW HITPOINT WARNING * * *
You feel sick. The rat bites you but does no damage.
You found a teleport trap!
* * * LOW HITPOINT WARNING * * *
You feel sick.
You die...

*,,,,* *,,*** ****,,* ###
*,,,,** #.# ######### **,**,*
#.# #.......# * *,,,,,* #.#
#.......#
****,,***#######.####.......#
,,,,,,,,,.....^...r....@....#
,,*,,*****######@###r..$....#
,,*,** #..# ##..?....# ,,,,*
**#..# #§%.....# **,,* *∆...#
#.......# **,,** *.##.#
#r......# ,,,,,** #.*#.#
##.###### ****,,* #,*#.# *.#
* *,,** *,*#.# *.# * **,,****
*,**,*****,*


You could see Eustachio and a rat.

Vanquished Creatures
  6 adders (D:2)
  2 dart slugs
  A leopard gecko (D:2)
  4 orcs
  2 bats
  3 giant cockroaches
  3 goblins
  6 hobgoblins
  2 jackals (D:2)
  4 kobolds
  4 rats
37 creatures vanquished.

Notes
Turn   | Place    | Note
-------+----------+-------------------------------------------
     0 | D:1      | theblackcape the Gnoll Wanderer began the quest for the Orb.
     0 | D:1      | theblackcape set off with: a +2 hand axe, a +0 mace, a potion of curing, a +0 robe, a ration
     0 | D:1      | Reached XP level 1. HP: 20/20 MP: 3/3
   166 | D:2      | Reached XP level 2. HP: 22/26 MP: 5/5
   188 | D:2      | Reached XP level 3. HP: 8/31 MP: 6/6
   494 | D:2      | Found a bloodstained altar of Trog.
   505 | D:2      | Reached skill level 1 in Invocations
   754 | D:2      | Reached skill level 1 in Short Blades
   754 | D:2      | Reached skill level 1 in Long Blades
   754 | D:2      | Reached skill level 1 in Polearms
   754 | D:2      | Reached skill level 1 in Staves
   754 | D:2      | Reached skill level 1 in Slings
   754 | D:2      | Reached skill level 1 in Bows
   754 | D:2      | Reached skill level 1 in Crossbows
   754 | D:2      | Reached skill level 1 in Throwing
   754 | D:2      | Reached skill level 1 in Dodging
   754 | D:2      | Reached skill level 1 in Stealth
   754 | D:2      | Reached skill level 1 in Shields
   754 | D:2      | Reached skill level 1 in Unarmed Combat
   754 | D:2      | Reached skill level 1 in Spellcasting
   754 | D:2      | Reached XP level 4. HP: 28/38 MP: 7/7
   872 | D:2      | Found a snail-covered altar of Cheibriados.
   886 | D:2      | Reached skill level 1 in Conjurations
   886 | D:2      | Reached skill level 1 in Hexes
   886 | D:2      | Reached skill level 1 in Charms
   886 | D:2      | Reached skill level 1 in Summonings
   886 | D:2      | Reached skill level 1 in Necromancy
   886 | D:2      | Reached skill level 1 in Translocations
   886 | D:2      | Reached skill level 1 in Transmutations
   886 | D:2      | Reached skill level 1 in Fire Magic
   886 | D:2      | Reached skill level 1 in Ice Magic
   886 | D:2      | Reached skill level 1 in Air Magic
   886 | D:2      | Reached skill level 1 in Earth Magic
   886 | D:2      | Reached skill level 1 in Poison Magic
   888 | D:2      | Became a worshipper of Cheibriados the Contemplative
  1230 | D:3      | Noticed wilfster70's ghost (amateur GnWz)
  1267 | D:4      | Found a basalt altar of Yredelemnul.
  1268 | D:4      | Noticed Eustachio
  1271 | D:4      | HP: 1/38 [poisoned by wilfster70's ghost]
  1273 | D:4      | Succumbed to wilfster70's ghost's poison

Skill      XL: |  1  2  3  4 |
---------------+-------------+-----
Invocations    | 1 |  1.3
Short Blades   | 1 |  1.2
Long Blades    | 1 |  1.2
Polearms       | 1 |  1.2
Staves         | 1 |  1.2
Slings         | 1 |  1.2
Bows           | 1 |  1.2
Crossbows      | 1 |  1.2
Throwing       | 1 |  1.2
Dodging        | 1 |  1.2
Stealth        | 1 |  1.2
Shields        | 1 |  1.2
Unarmed Combat | 1 |  1.2
Spellcasting   | 1 |  1.2
Conjurations   | 1 |  1.0
Hexes          | 1 |  1.0
Charms         | 1 |  1.0
Summonings     | 1 |  1.0
Necromancy     | 1 |  1.0
Translocations | 1 |  1.0
Transmutations | 1 |  1.0
Fire Magic     | 1 |  1.0
Ice Magic      | 1 |  1.0
Air Magic      | 1 |  1.0
Earth Magic    | 1 |  1.0
Poison Magic   | 1 |  1.0
Fighting       | |  4.7
Axes           | |  2.8
Maces & Flails | |  4.7
Armour         | |  6.6
Evocations     | |  4.7

Action                   |  1- 3 |  4- 6 || total
-------------------------+-------+-------++-------
Melee: Hand axe          |    84 |    47 ||   131
       Bite              |     7 |     3 ||    10
       Punch             |       |     1 ||     1
  Use: Scroll            |       |     6 ||     6
       Potion            |       |     3 ||     3
  Eat: Chunk             |       |     1 ||     1
Armor: Chain mail        |    56 |     7 ||    63
       Robe              |     2 |       ||     2
       Plate armour      |       |    37 ||    37
Dodge: Dodged            |    31 |    30 ||    61
